[Event "Team 45 45 League T35"]
[Site "Internet Chess Club"]
[Date "2007.11.17"]
[Round "5"]
[White "oldsj"]
[Black "scottrugby"]
[Result "1-0"]
[WhiteElo "1588"]
[BlackElo "1476"]
[Opening "Sicilian: dragon, Yugoslav attack, 10.O-O-O"]
[ECO "B78"]
[Time "18:04:55"]
[TimeControl "2700+45"]

1. e4 c5 2. Nf3 g6 3. d4 cxd4 4. Nxd4 Nc6 5. Nc3 Nf6 6. f3 Bg7 7. Be3 O-O 8. Qd2
d6 9. O-O-O Bd7 10. Bc4 a6 11. h4 b5 12. Bb3 b4 13. Nd5 Nxd5 14. Bxd5 Qa5 15.
Bb3 Nxd4 16. Bxd4 Bxd4 17. Qxd4 Rfc8 18. g4 Qb5 19. h5 Qg5+ 20. Kb1 a5 21. hxg6
Qxg6 22. Rh5 e5 23. Qxd6 Qxd6 24. Rxd6 a4 25. Bxf7+ Kxf7 26. Rxd7+ Kg6 27. Rhxh7
Rf8 28. Rh3 Kg5 29. Rd3 Rad8 30. Kc1 Rxd3 31. cxd3 Kf4 32. Kd2 Rc8 33. Rh5 b3
34. Rf5+ Kg3 35. axb3 axb3 36. g5 Rc2+ 37. Kd1 Rxb2 38. Kc1 Rc2+ 39. Kb1 Rd2 40.
g6 Rxd3 41. g7 Rxf3 42. g8=Q+ {Black resigns} 1-0

[Event "Team 45 45 League T35"]
[Site "Internet Chess Club"]
[Date "2007.11.15"]
[Round "5"]
[White "supraholic"]
[Black "EyeAm"]
[Result "0-1"]
[WhiteElo "1245"]
[BlackElo "1388"]
[Opening "Petrov: Italian variation"]
[ECO "C42"]
[Time "14:02:01"]
[TimeControl "2700+45"]

1. e4 e5 2. Nf3 Nf6 3. Bc4 Nxe4 4. d3 Nf6 5. Bg5 Be7 6. Nc3 d6 7. O-O O-O 8. Re1
Bg4 9. h3 Bh5 10. g4 Bg6 11. Qd2 c6 12. Nh4 b5 13. Nxg6 hxg6 14. Bb3 a5 15. a4
b4 16. Ne2 Nh7 17. Bh6 gxh6 18. Qxh6 Bg5 19. Qxg6+ Kh8 20. Bxf7 Nd7 21. Ng3 Qf6
22. Qxf6+ Nhxf6 23. Bg6 Kg7 24. Bf5 Nc5 25. d4 exd4 26. Re7+ Rf7 27. Nh5+ Nxh5
28. Rxf7+ Kxf7 29. gxh5 Rh8 30. Bg4 Kf6 31. Re1 Nxa4 32. Re6+ Kf7 33. b3 Nc3 34.
Kf1 Rh6 35. Re1 Nd5 36. Ra1 Bd8 37. Rd1 c5 38. Rd3 Nf6 39. Rf3 Kg7 40. Rf5 Ne4
41. Ke2 Nc3+ 42. Kd3 Bh4 43. f4 Nb1 44. Rd5 Bg3 45. Rg5+ Kf6 46. Rf5+ Kg7 47.
Rg5+ Kf6 48. Rf5+ Kg7 49. Kc4 Na3+ 50. Kd5 Nxc2 51. Rg5+ Kf6 52. Kxd6 Bxf4+ 53.
Kxc5 Kxg5 54. Kc4 Rd6 55. Kc5 Rd8 56. Kb5 Ne3 57. Bf3 d3 {White resigns} 0-1

[Event "Team 45 45 League T35"]
[Site "Internet Chess Club"]
[Date "2007.11.19"]
[Round "5"]
[White "MeansToAnEnd"]
[Black "CLEAN"]
[Result "0-1"]
[WhiteElo "927"]
[BlackElo "1319"]
[Opening "QGD: 4.Bg5 Be7"]
[ECO "D53"]
[Time "22:09:20"]
[TimeControl "2700+45"]

1. d4 Nf6 2. c4 d5 3. Nc3 e6 4. Bg5 Be7 5. Nf3 Ne4 6. Bxe7 Qxe7 7. Nxe4 dxe4 8.
Ne5 Nc6 9. Qa4 O-O 10. Nxc6 bxc6 11. Qxc6 Bd7 12. Qxe4 Qb4+ 13. Kd1 Qxb2 14. Qb1
Qxd4+ 15. Ke1 Qc3+ 16. Kd1 Ba4+ 17. Qc2 Qxc2+ 18. Ke1 Qc3# {White checkmated}
0-1

[Event "Team 45 45 League T35"]
[Site "Internet Chess Club"]
[Date "2007.11.18"]
[Round "5"]
[White "Okgah"]
[Black "touchthis"]
[Result "1-0"]
[WhiteElo "1693"]
[BlackElo "1693"]
[Opening "QGD: semi-Slav"]
[ECO "A11"]
[Time "22:59:57"]
[TimeControl "2700+45"]

1. c4 c6 2. d4 e6 3. Nc3 d5 4. Nf3 f5 5. Bf4 Nf6 6. e3 Be7 7. Bd3 O-O 8. O-O
Nbd7 9. Ng5 Nb8 10. Rc1 h6 11. Nf3 Nbd7 12. cxd5 exd5 13. Bxf5 Nh5 14. Be6+ Kh8
15. Be5 Nxe5 16. Nxe5 Qe8 17. Nb5 Bxe6 18. Nc7 Qc8 19. Ng6+ Kh7 20. Nxf8+ Bxf8
21. Nxe6 Qxe6 22. Qxh5 Bd6 23. Qh3 Qe7 24. Rfd1 Re8 25. Qf5+ Kh8 26. Qg6 Rf8 27.
Rc2 Rf6 28. Qg4 Kh7 29. Qh4 Qf7 30. Rdc1 Rf5 31. Qd8 Bc7 32. Qa8 a6 33. Qc8 Rh5
34. h3 Bd6 35. Rc3 Qg6 36. Qxb7 Rxh3 37. Qxa6 Rh2 38. Qd3 Qxd3 39. Rxd3 Rh5 40.
Rxc6 Bh2+ 41. Kf1 Bb8 42. Rb3 Rh1+ 43. Ke2 Bh2 44. Rc5 Rg1 45. g3 Rg2 46. Kf3
Rg1 47. Rb7 Rf1 48. Kg2 {Black resigns} 1-0

[Event "Team 45 45 League T35"]
[Site "Internet Chess Club"]
[Date "2007.11.16"]
[Round "5"]
[White "crazynights"]
[Black "crag"]
[Result "1-0"]
[WhiteElo "1628"]
[BlackElo "1362"]
[Opening "Ruy Lopez: open, Riga variation"]
[ECO "C80"]
[Time "14:01:04"]
[TimeControl "2700+45"]

1. e4 e5 2. Nf3 Nc6 3. Bb5 a6 4. Ba4 Nf6 5. O-O Nxe4 6. d4 exd4 7. Re1 d5 8.
Nxd4 Bd7 9. Nc3 Be7 10. Nxd5 Nd6 11. Bxc6 bxc6 12. Nxe7 Kf8 13. Ndxc6 Bxc6 14.
Nxc6 Qd7 15. Qd5 Qc8 16. Bf4 {Black resigns} 1-0

[Event "Team 45 45 League T35"]
[Site "Internet Chess Club"]
[Date "2007.11.17"]
[Round "5"]
[White "Rubacchus"]
[Black "Invicta-Knight"]
[Result "0-1"]
[WhiteElo "1342"]
[BlackElo "1554"]
[Opening "Benkö gambit"]
[ECO "A57"]
[Time "10:06:18"]
[TimeControl "2700+45"]

1. d4 Nf6 2. c4 c5 3. d5 b5 4. Nf3 b4 5. Bd2 g6 6. Qc2 Bg7 7. a3 bxa3 8. Rxa3 d6
9. Ba5 Qd7 10. e4 Ng4 11. h3 Ne5 12. Be2 O-O 13. O-O e6 14. Qc3 Nxf3+ 15. Qxf3
Bxb2 16. Rd3 Bg7 17. Bc3 e5 18. Qg3 Qa4 19. Nd2 Qe8 20. Qh4 Qd8 21. Qxd8 Rxd8
22. f4 Nd7 23. f5 gxf5 24. Rxf5 Nf6 25. Rf1 Rd7 26. g4 Ba6 27. Rdf3 Ne8 28. h4
Bc8 29. Kg2 Rc7 30. Kg3 a5 31. g5 a4 32. h5 Re7 33. h6 Bh8 34. R3f2 Ba6 35. Bh5
f6 36. Bxe8 Raxe8 37. gxf6 Rf7 38. Rf5 Kf8 39. Kh4 Rb8 40. Rg1 Bxf6+ 41. Kh5 Ke7
42. Rg2 Bc8 43. Rf3 Bd7 44. Ba5 Be8 45. Rxf6 Rxf6+ 46. Kh4 Rxh6+ 47. Kg3 Rg6+
48. Kf2 Rxg2+ 49. Kxg2 Rb2 50. Kf3 a3 51. Ke3 a2 52. Bc3 Rc2 53. Ba1 h5 54. Kd3
Rc1 55. Nb3 Rb1 56. Kc2 Bg6 57. Nc1 h4 58. Nxa2 Bxe4+ 59. Kd2 Rxa1 60. Nc3 Bf3
61. Ke3 Ra3 62. Kxf3 Rxc3+ 63. Kg2 e4 {White resigns} 0-1

[Event "Team 45 45 League T35"]
[Site "Internet Chess Club"]
[Date "2007.11.18"]
[Round "5"]
[White "Relapse"]
[Black "rshea11"]
[Result "1-0"]
[WhiteElo "1622"]
[BlackElo "1254"]
[Opening "Scotch game"]
[ECO "C45"]
[Time "12:02:46"]
[TimeControl "2700+45"]

1. e4 e5 2. Nf3 Nc6 3. d4 exd4 4. Nxd4 Bc5 5. Be3 Qf6 6. c3 Nge7 7. Bc4 O-O 8.
O-O d6 9. Nxc6 Nxc6 10. Bxc5 dxc5 11. f4 b6 12. Bd5 Rd8 13. Qa4 Bd7 14. e5 Nxe5
15. Qb3 Nc6 16. Nd2 Na5 17. Qc2 Bf5 18. Ne4 Bxe4 19. Bxe4 Rab8 20. Bxh7+ Kf8 21.
b3 Rd6 22. Be4 Rbd8 23. Qe2 Qxc3 24. Kh1 c4 25. bxc4 Nxc4 26. Rac1 Qd2 27. Qxc4
Rd4 28. Qc2 Qxc2 29. Bxc2 c5 30. Bb3 Ke7 31. Rce1+ Kf6 32. g4 g5 33. fxg5+ Kxg5
34. Rxf7 Rxg4 35. Rxa7 Rd2 36. Rb7 Rgg2 37. Rg7+ Kf4 38. Rxg2 Rxg2 39. Kxg2 b5
40. a4 c4 41. Bc2 bxa4 42. Re4+ Kf5 43. Rxc4+ Ke5 44. Rxa4 Kd6 45. Re4 Kd5 46.
Kf3 Kc5 47. h4 Kd6 48. h5 {Black resigns} 1-0

[Event "Team 45 45 League T35"]
[Site "Internet Chess Club"]
[Date "2007.11.17"]
[Round "5"]
[White "Qualm"]
[Black "vaknight"]
[Result "1-0"]
[WhiteElo "1618"]
[BlackElo "1530"]
[Opening "Sicilian: Richter-Rauzer, Rauzer attack, 7...Be7"]
[ECO "B63"]
[Time "15:09:50"]
[TimeControl "2700+45"]

1. e4 c5 2. Nf3 Nc6 3. d4 cxd4 4. Nxd4 Nf6 5. Nc3 d6 6. Bg5 e6 7. Qd2 Be7 8.
O-O-O O-O 9. f3 d5 10. exd5 Nxd5 11. Bxe7 Ncxe7 12. Bc4 Nxc3 13. Qxc3 Qc7 14.
Nb5 Qf4+ 15. Kb1 a6 16. Rd4 Qf6 17. Nd6 Nc6 18. Rd3 Qxc3 19. Rxc3 Ne5 20. Be2
Nc6 21. Rd1 Nb4 22. f4 Nd5 23. Rxc8 Raxc8 24. Nxc8 Rxc8 25. g3 Kf8 26. Bf3 Rc5
27. c3 a5 28. Rd4 b5 29. Bxd5 Rxd5 30. Rxd5 exd5 31. Kc2 Ke7 32. Kd3 Kd6 33. Kd4
f5 34. h3 h5 35. b4 a4 36. h4 a3 37. Kd3 g6 38. Kd4 Kc6 39. Ke5 {Black resigns}
1-0

[Event "Team 45 45 League T35"]
[Site "Internet Chess Club"]
[Date "2007.11.17"]
[Round "5"]
[White "nursey"]
[Black "budugu"]
[Result "1-0"]
[WhiteElo "1749"]
[BlackElo "1610"]
[Opening "Ruy Lopez: 5.O-O"]
[ECO "C78"]
[Time "14:07:02"]
[TimeControl "2700+45"]

1. e4 e5 2. Nf3 Nc6 3. Bb5 a6 4. Ba4 Nf6 5. O-O b5 6. Bb3 Bc5 7. d3 O-O 8. Be3
Be7 9. a4 Bb7 10. Nc3 b4 11. Nd5 Re8 12. Nxe7+ Qxe7 13. Ng5 Nd8 14. f4 h6 15.
Nf3 d5 16. fxe5 Ng4 17. Qd2 dxe4 18. dxe4 Bxe4 19. Rae1 Bg6 20. Bd4 c5 21. Bd5
Rc8 22. Bf2 Qc7 23. Bg3 h5 24. e6 Qa7 25. Qg5 Kh7 26. exf7 Nxf7 27. Rxe8 Rxe8
28. Qd2 Kh8 29. Bf4 Rd8 30. c4 Nf6 31. b3 Nxd5 32. cxd5 Nd6 33. Nh4 Bh7 34. Bxd6
Rxd6 35. Rf8+ Bg8 36. Nf5 c4+ 37. Kh1 c3 38. Qg5 Rxd5 39. Qxh5# {Black
checkmated} 1-0

[Event "Team 45 45 League T35"]
[Site "Internet Chess Club"]
[Date "2007.11.14"]
[Round "5"]
[White "civilization"]
[Black "rayonline53"]
[Result "0-1"]
[WhiteElo "1475"]
[BlackElo "1561"]
[Opening "French: advance, Nimzovich variation"]
[ECO "C02"]
[Time "19:19:31"]
[TimeControl "2700+45"]

1. e4 e6 2. d4 d5 3. e5 c5 4. Qg4 cxd4 5. Nf3 Nc6 6. a3 Nge7 7. Bd3 Ng6 8. Bxg6
hxg6 9. Bf4 Bd7 10. Nbd2 Be7 11. Nb3 Qb6 12. O-O-O Rc8 13. Bd2 d3 14. Be3 Qxb3
15. cxb3 Nxe5+ 16. Kd2 Nxg4 {White resigns} 0-1

[Event "Team 45 45 League T35"]
[Site "Internet Chess Club"]
[Date "2007.11.17"]
[Round "5"]
[White "taijifan"]
[Black "Kasparklunk"]
[Result "1-0"]
[WhiteElo "1345"]
[BlackElo "1465"]
[Opening "Scandinavian (center counter) defense"]
[ECO "B01"]
[Time "20:58:40"]
[TimeControl "2700+45"]

1. e4 d5 2. exd5 Qxd5 3. Nc3 Qa5 4. Nf3 Nf6 5. d4 c6 6. Bd3 Bg4 7. O-O Nbd7 8.
Bf4 e6 9. h3 Bh5 10. Nb1 Qb6 11. Nbd2 Nd5 12. Nc4 Qd8 13. Nd6+ Bxd6 14. Bxd6
N7f6 15. Be5 Qb6 16. Rb1 Qd8 17. a3 Rc8 18. c4 Nc7 19. b4 Na8 20. c5 Nc7 21. a4
Ncd5 22. b5 Nc3 23. Qb3 Nxb1 24. Rxb1 Bxf3 25. gxf3 Nd5 26. bxc6 bxc6 27. Bd6 f5
28. Qb7 Qd7 29. Qa6 Kf7 30. Rb7 Nc7 31. Qxa7 Kg6 32. Rxc7 Rxc7 33. Qxc7 Qxc7 34.
Bxc7 Rc8 35. Be5 Ra8 36. Bc2 Kf7 37. f4 h6 38. Kg2 g5 39. Kf3 Kg6 40. Ke3 h5 41.
fxg5 Kxg5 42. Kf3 h4 43. Kg2 Rg8 44. Kh2 Kh5 45. a5 Ra8 46. Bc7 Kg5 47. Bd3 Rc8
48. Bb6 f4 49. a6 Ra8 50. a7 f3 51. Be4 e5 52. Bxc6 Rxa7 53. Bxa7 exd4 54. Be4
Kf4 55. Bd3 Ke5 56. c6 Kd6 57. Bb5 d3 58. Bxd3 Kxc6 59. Be4+ {Black resigns} 1-0

[Event "Team 45 45 League T35"]
[Site "Internet Chess Club"]
[Date "2007.11.18"]
[Round "5"]
[White "Traho"]
[Black "ADIOKiddo4Ever"]
[Result "0-1"]
[WhiteElo "1361"]
[BlackElo "1461"]
[Opening "Scandinavian: Pytel-Wade variation"]
[ECO "B01"]
[Time "21:26:29"]
[TimeControl "2700+45"]

1. e4 d5 2. exd5 Qxd5 3. Nc3 Qd6 4. Nf3 Nf6 5. h3 Bf5 6. Bc4 e6 7. Nh4 Qe5+ 8.
Ne2 Nc6 9. Nxf5 Qxf5 10. Bd3 Qd5 11. O-O Bc5 12. Nf4 Qg5 13. Qf3 O-O-O 14. c3
Ne5 15. Qg3 Qxg3 {White resigns} 0-1

[Event "Team 45 45 League T35"]
[Site "Internet Chess Club"]
[Date "2007.11.19"]
[Round "5"]
[White "johnpawn"]
[Black "Conjurer"]
[Result "0-1"]
[WhiteElo "1269"]
[BlackElo "1367"]
[Opening "Queen's pawn: Yusupov-Rubinstein system"]
[ECO "A46"]
[Time "23:03:03"]
[TimeControl "2700+45"]

1. d4 Nf6 2. Nf3 e6 3. e3 b6 4. Bd3 Bb7 5. O-O c5 6. c3 Be7 7. Nbd2 O-O 8. Re1
d5 9. Ne5 c4 10. Bc2 Nbd7 11. f4 b5 12. Qf3 Rb8 13. a3 a5 14. Qh3 Ne4 15. Nxe4
dxe4 16. b3 Bd5 17. bxc4 bxc4 18. Ba4 Nxe5 19. fxe5 Qc7 20. Bc2 Bc6 21. Qg4 Qd8
22. Bxe4 Bxe4 23. Qxe4 Qd5 24. Qxd5 exd5 25. a4 f5 26. g3 Rb3 27. Bd2 g6 28.
Reb1 Rfb8 29. Rf1 Bg5 30. Kg2 Kf7 31. h4 Bh6 32. g4 Ke6 33. Kg3 Rb2 34. Bc1 Rc2
35. Ba3 Rxc3 36. gxf5+ gxf5 {White resigns} 0-1

[Event "Team 45 45 League T35"]
[Site "Internet Chess Club"]
[Date "2007.11.19"]
[Round "5"]
[White "guyd52"]
[Black "reverendjim"]
[Result "1/2-1/2"]
[WhiteElo "1218"]
[BlackElo "1205"]
[Opening "Réti: King's Indian attack (Barcza system)"]
[ECO "A07"]
[Time "20:00:10"]
[TimeControl "2700+45"]

1. g3 d5 2. Nf3 c6 3. Bg2 Nf6 4. d3 Bf5 5. O-O e6 6. Nbd2 h6 7. Re1 Bh7 8. b3 a5
9. Bb2 a4 10. c4 a3 11. Bc3 Na6 12. Rc1 Be7 13. d4 O-O 14. c5 b5 15. b4 Be4 16.
Ne5 Nb8 17. f3 Bh7 18. e4 Nfd7 19. exd5 exd5 20. Nb1 Bxb1 21. Rxb1 f6 22. Nxd7
Qxd7 23. Qd3 Qe8 24. h4 Ra7 25. Bh3 Qh5 26. Bg4 Qf7 27. Bd2 f5 28. Bh3 Qf6 29.
Re5 Qg6 30. Bf4 Bxh4 31. Bxf5 Qf6 32. gxh4 Qxh4 33. Qe3 Qf6 34. Qd3 Qh4 35. Bh7+
Kh8 36. Bh2 Re7 37. Rxe7 Qxe7 38. Bd6 Qg5+ 39. Kf2 Qh4+ 40. Bg3 Qf6 41. Re1 Na6
42. Qb1 Qxf3+ 43. Kg1 Qxg3+ 44. Kh1 {Game drawn by mutual agreement} 1/2-1/2

[Event "Team 45 45 League T35"]
[Site "Internet Chess Club"]
[Date "2007.11.17"]
[Round "5"]
[White "cobbler"]
[Black "WilmaP"]
[Result "1/2-1/2"]
[WhiteElo "1222"]
[BlackElo "1218"]
[Opening "Réti opening"]
[ECO "A04"]
[Time "14:00:55"]
[TimeControl "2700+45"]

1. Nf3 e6 2. g3 d5 3. Bg2 Nf6 4. O-O c5 5. d3 Nc6 6. Nbd2 b6 7. b3 e5 8. e4 Nb4
9. Nxe5 Be6 10. a3 Bd6 11. Bb2 d4 12. Nec4 Bxc4 13. Nxc4 Nc6 14. e5 Nxe5 15.
Bxa8 Nxc4 16. bxc4 Qxa8 17. Bc1 O-O 18. Bg5 Qd8 19. Qf3 Be5 20. Rfe1 Qd6 21. a4
h6 22. Bd2 g5 23. a5 Re8 24. axb6 axb6 25. Ra8 Kf8 26. Rxe8+ Nxe8 27. Ra1 Nc7
28. Ra7 Kg7 29. Ra3 Kg6 30. Rb3 Qe6 31. Qb7 Qg4 32. Rb1 Kf5 33. Qxb6 Qe2 34. Qa5
Ne6 35. Re1 Qf3 36. Qa7 f6 37. Qh7+ Kg4 38. Qd7 Kh3 39. Qxe6+ g4 40. Kf1 Qg2+
41. Ke2 Qf3+ {Game drawn by mutual agreement} 1/2-1/2

[Event "Team 45 45 League T35"]
[Site "Internet Chess Club"]
[Date "2007.11.18"]
[Round "5"]
[White "Mutaant"]
[Black "fuzzface"]
[Result "1-0"]
[WhiteElo "1467"]
[BlackElo "1295"]
[Opening "King's pawn game"]
[ECO "C50"]
[Time "12:09:01"]
[TimeControl "2700+45"]

1. e4 e5 2. Nf3 Nc6 3. Bc4 h6 4. d3 Nf6 5. O-O Bc5 6. Nc3 a6 7. a3 d6 8. h3 O-O
9. Ne2 Be6 10. Nd2 d5 11. Bb3 b5 12. Ng3 Nd4 13. Ba2 Qd7 14. Kh2 g6 15. f4 Nxc2
16. Qxc2 Bxh3 17. f5 Ng4+ 18. Kxh3 Ne3 19. Qxc5 Nxf1 20. Ngxf1 gxf5 21. Qxd5
Qxd5 22. Bxd5 Rad8 23. Nf3 fxe4 24. Bxe4 f5 25. Bb7 Rxd3 26. Bxh6 Rf6 27. Bg5
Rg6 28. Kh2 Re6 29. Bc8 Rc6 30. Bxf5 {Black resigns} 1-0

[Event "Team 45 45 League T35"]
[Site "Internet Chess Club"]
[Date "2007.11.18"]
[Round "5"]
[White "klt713"]
[Black "thalamus"]
[Result "0-1"]
[WhiteElo "1216"]
[BlackElo "1467"]
[Opening "QGD: Albin counter-gambit"]
[ECO "D08"]
[Time "10:05:22"]
[TimeControl "2700+45"]

1. d4 d5 2. c4 e5 3. e3 exd4 4. exd4 Nc6 5. Nf3 Nf6 6. Be2 Bb4+ 7. Bd2 Bf5 8.
O-O O-O 9. Nc3 Re8 10. Rc1 dxc4 11. Bxc4 Nxd4 12. Bxf7+ Kxf7 13. Qb3+ Nxb3 14.
axb3 h6 15. Bf4 g5 16. Ne5+ Kg7 17. Bg3 c6 18. Rcd1 Qe7 19. Rfe1 Bxc3 20. bxc3
Rad8 21. Rxd8 Qxd8 22. Kf1 Ne4 23. c4 Nd2+ 24. Kg1 Qa5 25. f3 Nxb3 26. h3 Qxe1+
27. Bxe1 Rxe5 28. Bc3 Kf6 29. h4 Ke6 30. f4 gxf4 31. Bxe5 Kxe5 32. Kf2 Bd3 33.
g4 Bxc4 34. g5 hxg5 35. hxg5 Kf5 {White resigns} 0-1

[Event "Team 45 45 League T35"]
[Site "Internet Chess Club"]
[Date "2007.11.19"]
[Round "5"]
[White "moreffee"]
[Black "jschneigi"]
[Result "1/2-1/2"]
[WhiteElo "1321"]
[BlackElo "1289"]
[Opening "Alekhine's defense"]
[ECO "B02"]
[Time "16:00:40"]
[TimeControl "2700+45"]

1. e4 Nf6 2. Nc3 g6 3. Bc4 e6 4. d4 d5 5. exd5 exd5 6. Bb3 c6 7. Nf3 Qe7+ 8. Be3
Bg4 9. h3 Bxf3 10. Qxf3 Nbd7 11. O-O O-O-O 12. Rfe1 Nb6 13. Bg5 Qd6 14. Bxf6 Bg7
15. Bxg7 Rhg8 16. Be5 Qf8 17. a4 f6 18. Qxf6 Qb4 19. Qf4 Rgf8 20. Qg4+ Rf5 21.
a5 Nd7 22. Qg3 Nxe5 23. dxe5 Rdf8 24. Rf1 Qc5 25. Qe3 d4 26. Ne4 dxe3 27. Nxc5
e2 28. Be6+ Kc7 29. Bxf5 exf1=Q+ 30. Kxf1 Rxf5 31. Nd3 Kd7 32. Rd1 Ke6 33. Re1
b5 34. axb6 axb6 35. b4 Rf8 36. g4 h5 37. gxh5 gxh5 38. Nf4+ Rxf4 39. c3 Rf3 40.
Re3 {Game drawn by mutual agreement} 1/2-1/2

[Event "Team 45 45 League T35"]
[Site "Internet Chess Club"]
[Date "2007.11.20"]
[Round "5"]
[White "jazzyrick"]
[Black "Duguesclin"]
[Result "0-1"]
[WhiteElo "1587"]
[BlackElo "1650"]
[Opening "French: Winawer, advance variation"]
[ECO "C18"]
[Time "13:24:42"]
[TimeControl "2700+45"]

1. e4 e6 2. d4 d5 3. Nc3 Bb4 4. e5 c5 5. a3 Bxc3+ 6. bxc3 Nc6 7. Qg4 Nge7 8. Bd2
Qb6 9. Nf3 Qb2 10. Rc1 Qxa3 11. Qxg7 Rg8 12. Qxh7 Bd7 13. g3 O-O-O 14. Bg2 Rdf8
15. O-O Nf5 16. Qh5 cxd4 17. cxd4 Ncxd4 18. Nxd4 Nxd4 19. Ra1 Qc5 20. Be3 Qc4
21. Rfe1 a6 22. Bf1 Qc3 23. Qd1 Nc6 24. Bb6 Nxe5 25. Bd4 Nf3+ 26. Kg2 Nxe1+ 27.
Kh1 Qf3+ 28. Qxf3 Nxf3 29. Bc3 f6 30. Bb4 Rf7 31. Be2 Nd4 32. Bd1 Bc6 33. h4 Rh7
34. Kh2 Nf5 35. Kh3 Bd7 36. Bg4 Nh6 37. Be2 e5+ 38. Kg2 Nf5 39. h5 d4 40. g4
Bc6+ 41. Kh3 Ng7 42. Kh4 Rgh8 43. Bd2 f5 44. gxf5 Nxh5 {White resigns} 0-1

[Event "Team 45 45 League T35"]
[Site "Internet Chess Club"]
[Date "2007.11.16"]
[Round "5"]
[White "RD1974"]
[Black "Ziah"]
[Result "0-1"]
[WhiteElo "1614"]
[BlackElo "1693"]
[Opening "Sicilian: closed, 6.Be3"]
[ECO "B26"]
[Time "18:33:25"]
[TimeControl "2700+45"]

1. e4 c5 2. Nc3 Nc6 3. d3 d6 4. g3 g6 5. Bg2 Bg7 6. Be3 e6 7. Nge2 Nge7 8. Qd2
O-O 9. Bh6 Bxh6 10. Qxh6 d5 11. O-O d4 12. Nd1 Kh8 13. Qd2 e5 14. h3 Be6 15. f4
Qd7 16. Kh2 f6 17. g4 f5 18. exf5 gxf5 19. fxe5 fxg4 20. Nf2 gxh3 21. Bxh3 Bxh3
22. Nxh3 Nxe5 23. Neg1 Ng4+ 24. Kg3 Nf5+ 25. Kf3 Nfe3+ 26. Ke2 Nxf1 27. Rxf1
Qe7+ 28. Kd1 Rxf1+ 29. Qe1 Qxe1# {White checkmated} 0-1

[Event "Team 45 45 League T35"]
[Site "Internet Chess Club"]
[Date "2007.11.19"]
[Round "5"]
[White "jacknor"]
[Black "clarinetref"]
[Result "1-0"]
[WhiteElo "1661"]
[BlackElo "1630"]
[Opening "King's Indian: London system"]
[ECO "A48"]
[Time "11:06:55"]
[TimeControl "2700+45"]

1. d4 Nf6 2. Nf3 g6 3. Bf4 d6 4. e3 Bg7 5. h3 O-O 6. Nbd2 Nbd7 7. Be2 Re8 8. c3
c5 9. O-O b6 10. Bh2 Bb7 11. Qc2 Rc8 12. c4 cxd4 13. exd4 e5 14. dxe5 dxe5 15.
Rab1 Qe7 16. Kh1 e4 17. Ne1 Nd5 18. Qd1 e3 19. Ndf3 exf2 20. Rxf2 Ne3 21. Qb3
Nc5 22. Qa3 Bh6 23. Bf1 Be4 24. Ra1 Nxf1 25. Rxf1 Qb7 26. b3 Bg7 27. Rd1 a5 28.
Bg1 Bf8 29. Qc1 Rcd8 30. Rxd8 Rxd8 31. Nc2 Nd3 32. Qe3 Nc5 33. Nce1 Bd3 34. Nxd3
Nxd3 35. Qxb6 Qxb6 36. Bxb6 Ra8 37. Ng5 f5 38. Rd1 Be7 39. Nf3 Nb4 40. a3 Nc2
41. c5 Nxa3 42. Rd7 Kf7 43. c6 Nb5 44. Nd4 Nxd4 45. Rxd4 Rc8 46. Rc4 Bd6 47.
Bxa5 Bc7 48. Bxc7 Rxc7 49. b4 Ke6 50. b5 Kd6 51. Kg1 Kd5 52. Rc1 h6 53. Kf2 g5
54. Kf3 f4 55. g3 fxg3 56. Kxg3 Kd6 57. Kg4 h5+ 58. Kxh5 Rh7+ 59. Kxg5 Kc7 60.
h4 Rg7+ 61. Kh6 Re7 62. h5 Re5 63. Rb1 Kb6 64. Kg6 Re6+ 65. Kf5 Rd6 66. Kg4 Rh6
67. Kg5 Rd6 68. h6 {Black resigns} 1-0

[Event "Team 45 45 League T35"]
[Site "Internet Chess Club"]
[Date "2007.11.15"]
[Round "5"]
[White "Aquaman"]
[Black "quotha"]
[Result "0-1"]
[WhiteElo "1413"]
[BlackElo "1607"]
[Opening "Réti: King's Indian attack (Barcza system)"]
[ECO "A07"]
[Time "13:59:51"]
[TimeControl "2700+45"]

1. Nf3 d5 2. g3 Nc6 3. Bg2 e5 4. d3 Bc5 5. O-O Nf6 6. Nbd2 a6 7. h3 O-O 8. Re1
h6 9. c3 e4 10. dxe4 dxe4 11. Nh2 e3 12. fxe3 Bxe3+ 13. Kh1 Bf2 14. Rf1 Bxg3 15.
Nhf3 Qe7 16. Ng1 Rd8 17. Qc2 Be6 18. Rf3 Bh4 19. Nf1 Bd5 20. Re3 Bxg2+ 21. Kxg2
Qd6 22. Qd3 Qc5 23. Qb1 Rd1 24. Nf3 Qh5 25. Nxh4 Qxh4 26. Qc2 Rd5 27. Rg3 Re8
28. c4 Rh5 29. Qd3 Ne4 30. Rf3 Ne5 31. Qe3 Nxf3 32. Qxf3 Re6 33. Qe3 Rg5+ 34.
Kh2 Rf6 35. Nd2 Rf2+ 36. Kh1 Ng3+ 37. Kg1 Nf5+ 38. Qxg5 hxg5 39. Nf3 Qg3+ {White
resigns} 0-1

[Event "Team 45 45 League T35"]
[Site "Internet Chess Club"]
[Date "2007.11.16"]
[Round "5"]
[White "GrandPoobah069"]
[Black "Chess2Play"]
[Result "1/2-1/2"]
[WhiteElo "1751"]
[BlackElo "1657"]
[Opening "Sicilian: Alapin's variation (2.c3)"]
[ECO "B22"]
[Time "19:57:14"]
[TimeControl "2700+45"]

1. e4 c5 2. c3 d5 3. exd5 Qxd5 4. d4 Nf6 5. Nf3 Bg4 6. Be2 e6 7. Be3 Nc6 8. dxc5
Qxd1+ 9. Kxd1 Ne4 10. b4 a6 11. Kc2 Be7 12. Nbd2 Nxd2 13. Bxd2 O-O 14. Rad1 Rfd8
15. Be3 Bf6 16. Rxd8+ Rxd8 17. Rd1 Bf5+ 18. Kb3 Rxd1 19. Bxd1 Bg4 20. h3 Bh5 21.
g4 Bg6 22. Bc2 Bxc2+ 23. Kxc2 Kf8 24. Bg5 Be7 25. Bxe7+ Kxe7 26. Kd3 f6 27. Ke4
g6 28. a3 f5+ 29. Kf4 h6 30. g5 e5+ 31. Ke3 hxg5 32. Nxg5 Kf6 33. h4 e4 34. a4
Ke5 35. Nf7+ Kd5 36. Nh8 Ne7 37. Nf7 Kc4 38. Kd2 Kb3 39. Nd6 Nd5 40. b5 Kxa4 41.
bxa6 bxa6 42. Kc2 Nc7 43. Nxf5 Kb5 44. Ne7 Kxc5 45. Nxg6 Ne6 46. h5 Ng5 47. h6
Nh7 48. Nf4 a5 49. Kb3 Kb5 50. c4+ Kc5 51. Ne6+ Kd6 52. Nd8 Kc7 53. Nf7 Kc6 54.
Nd8+ Kc7 55. Ne6+ Kd6 56. Nf4 Kc5 57. Ne6+ Kd6 {Game drawn by repetition}
1/2-1/2

[Event "Team 45 45 League T35"]
[Site "Internet Chess Club"]
[Date "2007.11.17"]
[Round "5"]
[White "rom1"]
[Black "TIP"]
[Result "1-0"]
[WhiteElo "1598"]
[BlackElo "1599"]
[Opening "QGD: 3.Nc3"]
[ECO "D31"]
[Time "11:01:09"]
[TimeControl "2700+45"]

1. d4 d5 2. c4 e6 3. Nc3 Bb4 4. e3 Bxc3+ 5. bxc3 Nf6 6. Nf3 Nc6 7. Bd3 Bd7 8.
O-O O-O 9. Qc2 dxc4 10. Bxc4 Re8 11. e4 Na5 12. Bd3 g6 13. Bg5 h6 14. Bxh6 Ng4
15. Bg5 f6 16. Bd2 Kg7 17. h3 Nh6 18. e5 f5 19. Bg5 Qc8 20. Bf6+ Kh7 21. Qd2 Nf7
22. Qf4 Bc6 23. Qh4+ Kg8 24. Ng5 Re7 25. Qh7+ Kf8 26. Nxf7 Ke8 27. Nd6+ {Black
resigns} 1-0

[Event "Team 45 45 League T35"]
[Site "Internet Chess Club"]
[Date "2007.11.17"]
[Round "5"]
[White "RingLord"]
[Black "Toalla"]
[Result "1-0"]
[WhiteElo "1530"]
[BlackElo "1340"]
[Opening "King's Indian: 6.Be2"]
[ECO "E91"]
[Time "13:05:06"]
[TimeControl "2700+45"]

1. d4 Nf6 2. c4 g6 3. Nc3 Bg7 4. e4 d6 5. Nf3 O-O 6. Be2 c5 7. d5 e5 8. dxe6
Bxe6 9. Bg5 h6 10. Bh4 Qc7 11. O-O a6 12. Qc2 Nbd7 13. Rad1 Ne5 14. b3 Bg4 15.
Nxe5 Bxe2 16. Qxe2 dxe5 17. Bxf6 Bxf6 18. Nd5 Qc6 19. Qf3 Bd8 20. Qg3 f5 21.
Qxe5 Re8 22. Qc3 fxe4 23. Rfe1 Re6 24. Qh3 Kh7 25. Re3 Bg5 26. Rg3 Re5 27. Qg4
Rd8 28. h4 h5 29. Qh3 Bh6 30. Rc3 Qe6 31. Qxe6 Rxe6 32. Nf6+ Rxf6 33. Rxd8 Rf7
34. Re8 Bg7 35. Rc2 Rd7 36. Rxe4 Rd1+ 37. Kh2 Rd4 38. Rce2 Bf6 39. g3 Kg7 40.
Kg2 Kf7 41. Rxd4 cxd4 42. Rd2 Ke6 43. Kf3 Kf5 44. Rd1 Be5 45. Re1 b6 46. a4 a5
47. Re4 Ke6 48. g4 Kf6 49. Ke2 Ke6 50. f4 hxg4 51. Rxe5+ Kf6 52. Rg5 {Black
resigns} 1-0